%YAML 1.1
%TAG !u! tag:unity3d.com,2011:
--- !u!1 &201116136
GameObject:
  m_ObjectHideFlags: 0
  m_CorrespondingSourceObject: {fileID: 0}
  m_PrefabInstance: {fileID: 0}
  m_PrefabAsset: {fileID: 0}
  serializedVersion: 6
  m_Component:
  - component: {fileID: 201116137}
  - component: {fileID: 201116139}
  m_Layer: 10
  m_Name: MoonRotationCenter
  m_TagString: Untagged
  m_Icon: {fileID: 0}
  m_NavMeshLayer: 0
  m_StaticEditorFlags: 0
  m_IsActive: 1
--- !u!224 &201116137
RectTransform:
  m_ObjectHideFlags: 0
  m_CorrespondingSourceObject: {fileID: 0}
  m_PrefabInstance: {fileID: 0}
  m_PrefabAsset: {fileID: 0}
  m_GameObject: {fileID: 201116136}
  m_LocalRotation: {x: -0, y: -0, z: -0, w: 1}
  m_LocalPosition: {x: 0, y: 0, z: -0.58399945}
  m_LocalScale: {x: 1, y: 1, z: 1}
  m_ConstrainProportionsScale: 0
  m_Children: []
  m_Father: {fileID: 1566826827}
  m_RootOrder: 0
  m_LocalEulerAnglesHint: {x: 0, y: 0, z: 0}
  m_AnchorMin: {x: 0.5, y: 0.5}
  m_AnchorMax: {x: 0.5, y: 0.5}
  m_AnchoredPosition: {x: 0.28899765, y: 0}
  m_SizeDelta: {x: 0, y: 0}
  m_Pivot: {x: 0.5, y: 0.5}
--- !u!114 &201116139
MonoBehaviour:
  m_ObjectHideFlags: 0
  m_CorrespondingSourceObject: {fileID: 0}
  m_PrefabInstance: {fileID: 0}
  m_PrefabAsset: {fileID: 0}
  m_GameObject: {fileID: 201116136}
  m_Enabled: 1
  m_EditorHideFlags: 0
  m_Script: {fileID: 11500000, guid: 7e91a7db0144b7d4cbe1d2f87358adfc, type: 3}
  m_Name: 
  m_EditorClassIdentifier: 
  coordinateSystem: {fileID: 0}
--- !u!1 &1566826826
GameObject:
  m_ObjectHideFlags: 0
  m_CorrespondingSourceObject: {fileID: 0}
  m_PrefabInstance: {fileID: 0}
  m_PrefabAsset: {fileID: 0}
  serializedVersion: 6
  m_Component:
  - component: {fileID: 1566826827}
  - component: {fileID: 1566826828}
  m_Layer: 10
  m_Name: EarthRotationCenter
  m_TagString: Untagged
  m_Icon: {fileID: 0}
  m_NavMeshLayer: 0
  m_StaticEditorFlags: 0
  m_IsActive: 1
--- !u!224 &1566826827
RectTransform:
  m_ObjectHideFlags: 0
  m_CorrespondingSourceObject: {fileID: 0}
  m_PrefabInstance: {fileID: 0}
  m_PrefabAsset: {fileID: 0}
  m_GameObject: {fileID: 1566826826}
  m_LocalRotation: {x: -0, y: -0, z: -0, w: 1}
  m_LocalPosition: {x: 0, y: 0, z: 97.92}
  m_LocalScale: {x: 40, y: 40, z: 40}
  m_ConstrainProportionsScale: 0
  m_Children:
  - {fileID: 201116137}
  m_Father: {fileID: 1710757431722454034}
  m_RootOrder: 8
  m_LocalEulerAnglesHint: {x: 0, y: 0, z: 0}
  m_AnchorMin: {x: 0.5, y: 0.5}
  m_AnchorMax: {x: 0.5, y: 0.5}
  m_AnchoredPosition: {x: -44.2, y: -54.720005}
  m_SizeDelta: {x: 0, y: 0}
  m_Pivot: {x: 0.5, y: 0.5}
--- !u!114 &1566826828
MonoBehaviour:
  m_ObjectHideFlags: 0
  m_CorrespondingSourceObject: {fileID: 0}
  m_PrefabInstance: {fileID: 0}
  m_PrefabAsset: {fileID: 0}
  m_GameObject: {fileID: 1566826826}
  m_Enabled: 1
  m_EditorHideFlags: 0
  m_Script: {fileID: 11500000, guid: 7e91a7db0144b7d4cbe1d2f87358adfc, type: 3}
  m_Name: 
  m_EditorClassIdentifier: 
  coordinateSystem: {fileID: 0}
--- !u!1 &2009468090
GameObject:
  m_ObjectHideFlags: 0
  m_CorrespondingSourceObject: {fileID: 0}
  m_PrefabInstance: {fileID: 0}
  m_PrefabAsset: {fileID: 0}
  serializedVersion: 6
  m_Component:
  - component: {fileID: 2009468091}
  - component: {fileID: 2009468092}
  m_Layer: 10
  m_Name: SunRotationCenter
  m_TagString: Untagged
  m_Icon: {fileID: 0}
  m_NavMeshLayer: 0
  m_StaticEditorFlags: 0
  m_IsActive: 1
--- !u!224 &2009468091
RectTransform:
  m_ObjectHideFlags: 0
  m_CorrespondingSourceObject: {fileID: 0}
  m_PrefabInstance: {fileID: 0}
  m_PrefabAsset: {fileID: 0}
  m_GameObject: {fileID: 2009468090}
  m_LocalRotation: {x: -0, y: -0, z: -0, w: 1}
  m_LocalPosition: {x: 0, y: 0, z: 97.92}
  m_LocalScale: {x: 40, y: 40, z: 40}
  m_ConstrainProportionsScale: 0
  m_Children: []
  m_Father: {fileID: 1710757431722454034}
  m_RootOrder: 9
  m_LocalEulerAnglesHint: {x: 0, y: 0, z: 0}
  m_AnchorMin: {x: 0.5, y: 0.5}
  m_AnchorMax: {x: 0.5, y: 0.5}
  m_AnchoredPosition: {x: -44.2, y: -54.720005}
  m_SizeDelta: {x: 0, y: 0}
  m_Pivot: {x: 0.5, y: 0.5}
--- !u!114 &2009468092
MonoBehaviour:
  m_ObjectHideFlags: 0
  m_CorrespondingSourceObject: {fileID: 0}
  m_PrefabInstance: {fileID: 0}
  m_PrefabAsset: {fileID: 0}
  m_GameObject: {fileID: 2009468090}
  m_Enabled: 1
  m_EditorHideFlags: 0
  m_Script: {fileID: 11500000, guid: 7e91a7db0144b7d4cbe1d2f87358adfc, type: 3}
  m_Name: 
  m_EditorClassIdentifier: 
  coordinateSystem: {fileID: 0}
--- !u!1001 &4931910336110574157
PrefabInstance:
  m_ObjectHideFlags: 0
  serializedVersion: 2
  m_Modification:
    m_TransformParent: {fileID: 0}
    m_Modifications:
    - target: {fileID: 330604191719827315, guid: 6d821b4635f3497478f71ea39233379d,
        type: 3}
      propertyPath: m_PresetInfoIsWorld
      value: 1
      objectReference: {fileID: 0}
    - target: {fileID: 603035564024779860, guid: 6d821b4635f3497478f71ea39233379d,
        type: 3}
      propertyPath: sunCenter
      value: 
      objectReference: {fileID: 2009468092}
    - target: {fileID: 603035564024779860, guid: 6d821b4635f3497478f71ea39233379d,
        type: 3}
      propertyPath: moonCenter
      value: 
      objectReference: {fileID: 201116139}
    - target: {fileID: 603035564024779860, guid: 6d821b4635f3497478f71ea39233379d,
        type: 3}
      propertyPath: earthCenter
      value: 
      objectReference: {fileID: 1566826828}
    - target: {fileID: 603035564024779860, guid: 6d821b4635f3497478f71ea39233379d,
        type: 3}
      propertyPath: targetCenter
      value: 
      objectReference: {fileID: 2043080843}
    - target: {fileID: 6038340288775165528, guid: 6d821b4635f3497478f71ea39233379d,
        type: 3}
      propertyPath: m_Name
      value: SolarSystem Coordinate System
      objectReference: {fileID: 0}
    - target: {fileID: 6038340288775165535, guid: 6d821b4635f3497478f71ea39233379d,
        type: 3}
      propertyPath: m_RootOrder
      value: 0
      objectReference: {fileID: 0}
    - target: {fileID: 6038340288775165535, guid: 6d821b4635f3497478f71ea39233379d,
        type: 3}
      propertyPath: m_LocalScale.x
      value: 0.025
      objectReference: {fileID: 0}
    - target: {fileID: 6038340288775165535, guid: 6d821b4635f3497478f71ea39233379d,
        type: 3}
      propertyPath: m_LocalScale.y
      value: 0.025
      objectReference: {fileID: 0}
    - target: {fileID: 6038340288775165535, guid: 6d821b4635f3497478f71ea39233379d,
        type: 3}
      propertyPath: m_LocalScale.z
      value: 0.025
      objectReference: {fileID: 0}
    - target: {fileID: 6038340288775165535, guid: 6d821b4635f3497478f71ea39233379d,
        type: 3}
      propertyPath: m_LocalPosition.x
      value: 3.29
      objectReference: {fileID: 0}
    - target: {fileID: 6038340288775165535, guid: 6d821b4635f3497478f71ea39233379d,
        type: 3}
      propertyPath: m_LocalPosition.y
      value: 0.77
      objectReference: {fileID: 0}
    - target: {fileID: 6038340288775165535, guid: 6d821b4635f3497478f71ea39233379d,
        type: 3}
      propertyPath: m_LocalPosition.z
      value: 3.22
      objectReference: {fileID: 0}
    - target: {fileID: 6038340288775165535, guid: 6d821b4635f3497478f71ea39233379d,
        type: 3}
      propertyPath: m_LocalRotation.w
      value: 1
      objectReference: {fileID: 0}
    - target: {fileID: 6038340288775165535, guid: 6d821b4635f3497478f71ea39233379d,
        type: 3}
      propertyPath: m_LocalRotation.x
      value: -0
      objectReference: {fileID: 0}
    - target: {fileID: 6038340288775165535, guid: 6d821b4635f3497478f71ea39233379d,
        type: 3}
      propertyPath: m_LocalRotation.y
      value: -0
      objectReference: {fileID: 0}
    - target: {fileID: 6038340288775165535, guid: 6d821b4635f3497478f71ea39233379d,
        type: 3}
      propertyPath: m_LocalRotation.z
      value: -0
      objectReference: {fileID: 0}
    - target: {fileID: 6038340288775165535, guid: 6d821b4635f3497478f71ea39233379d,
        type: 3}
      propertyPath: m_LocalEulerAnglesHint.x
      value: 0
      objectReference: {fileID: 0}
    - target: {fileID: 6038340288775165535, guid: 6d821b4635f3497478f71ea39233379d,
        type: 3}
      propertyPath: m_LocalEulerAnglesHint.y
      value: 0
      objectReference: {fileID: 0}
    - target: {fileID: 6038340288775165535, guid: 6d821b4635f3497478f71ea39233379d,
        type: 3}
      propertyPath: m_LocalEulerAnglesHint.z
      value: 0
      objectReference: {fileID: 0}
    - target: {fileID: 6038340289004689283, guid: 6d821b4635f3497478f71ea39233379d,
        type: 3}
      propertyPath: m_Mesh
      value: 
      objectReference: {fileID: 0}
    - target: {fileID: 6038340289004689309, guid: 6d821b4635f3497478f71ea39233379d,
        type: 3}
      propertyPath: m_MeshFormatVersion
      value: 2
      objectReference: {fileID: 0}
    - target: {fileID: 6038340289684270195, guid: 6d821b4635f3497478f71ea39233379d,
        type: 3}
      propertyPath: m_Mesh
      value: 
      objectReference: {fileID: 0}
    - target: {fileID: 6038340289684270216, guid: 6d821b4635f3497478f71ea39233379d,
        type: 3}
      propertyPath: m_Name
      value: ConeX
      objectReference: {fileID: 0}
    - target: {fileID: 6038340289684270221, guid: 6d821b4635f3497478f71ea39233379d,
        type: 3}
      propertyPath: m_MeshFormatVersion
      value: 2
      objectReference: {fileID: 0}
    - target: {fileID: 8617457691728302864, guid: 6d821b4635f3497478f71ea39233379d,
        type: 3}
      propertyPath: m_Mesh
      value: 
      objectReference: {fileID: 0}
    - target: {fileID: 8617457691728302866, guid: 6d821b4635f3497478f71ea39233379d,
        type: 3}
      propertyPath: m_MeshFormatVersion
      value: 2
      objectReference: {fileID: 0}
    - target: {fileID: 8617457691728302869, guid: 6d821b4635f3497478f71ea39233379d,
        type: 3}
      propertyPath: m_Name
      value: Cone-Z
      objectReference: {fileID: 0}
    - target: {fileID: 8617457691820904098, guid: 6d821b4635f3497478f71ea39233379d,
        type: 3}
      propertyPath: m_Name
      value: ConeZ
      objectReference: {fileID: 0}
    - target: {fileID: 8617457691820904109, guid: 6d821b4635f3497478f71ea39233379d,
        type: 3}
      propertyPath: m_Mesh
      value: 
      objectReference: {fileID: 0}
    - target: {fileID: 8617457691820904111, guid: 6d821b4635f3497478f71ea39233379d,
        type: 3}
      propertyPath: m_MeshFormatVersion
      value: 2
      objectReference: {fileID: 0}
    - target: {fileID: 8617457692015001200, guid: 6d821b4635f3497478f71ea39233379d,
        type: 3}
      propertyPath: m_Name
      value: ConeY
      objectReference: {fileID: 0}
    - target: {fileID: 8617457692015001212, guid: 6d821b4635f3497478f71ea39233379d,
        type: 3}
      propertyPath: m_Mesh
      value: 
      objectReference: {fileID: 0}
    - target: {fileID: 8617457692015001214, guid: 6d821b4635f3497478f71ea39233379d,
        type: 3}
      propertyPath: m_MeshFormatVersion
      value: 2
      objectReference: {fileID: 0}
    - target: {fileID: 8617457692097630970, guid: 6d821b4635f3497478f71ea39233379d,
        type: 3}
      propertyPath: m_Mesh
      value: 
      objectReference: {fileID: 0}
    - target: {fileID: 8617457692097630972, guid: 6d821b4635f3497478f71ea39233379d,
        type: 3}
      propertyPath: m_MeshFormatVersion
      value: 2
      objectReference: {fileID: 0}
    - target: {fileID: 8617457692097630975, guid: 6d821b4635f3497478f71ea39233379d,
        type: 3}
      propertyPath: m_Name
      value: Cone-X
      objectReference: {fileID: 0}
    - target: {fileID: 8617457692284389345, guid: 6d821b4635f3497478f71ea39233379d,
        type: 3}
      propertyPath: m_MeshFormatVersion
      value: 2
      objectReference: {fileID: 0}
    - target: {fileID: 8617457692284389359, guid: 6d821b4635f3497478f71ea39233379d,
        type: 3}
      propertyPath: m_Mesh
      value: 
      objectReference: {fileID: 0}
    - target: {fileID: 8617457692464389687, guid: 6d821b4635f3497478f71ea39233379d,
        type: 3}
      propertyPath: m_Mesh
      value: 
      objectReference: {fileID: 0}
    - target: {fileID: 8617457692464389833, guid: 6d821b4635f3497478f71ea39233379d,
        type: 3}
      propertyPath: m_MeshFormatVersion
      value: 2
      objectReference: {fileID: 0}
    - target: {fileID: 8617457692478505618, guid: 6d821b4635f3497478f71ea39233379d,
        type: 3}
      propertyPath: m_Name
      value: Cone-Y
      objectReference: {fileID: 0}
    - target: {fileID: 8617457692478505629, guid: 6d821b4635f3497478f71ea39233379d,
        type: 3}
      propertyPath: m_Mesh
      value: 
      objectReference: {fileID: 0}
    - target: {fileID: 8617457692478505631, guid: 6d821b4635f3497478f71ea39233379d,
        type: 3}
      propertyPath: m_MeshFormatVersion
      value: 2
      objectReference: {fileID: 0}
    - target: {fileID: 8617457692644530802, guid: 6d821b4635f3497478f71ea39233379d,
        type: 3}
      propertyPath: m_Mesh
      value: 
      objectReference: {fileID: 0}
    - target: {fileID: 8617457692644530804, guid: 6d821b4635f3497478f71ea39233379d,
        type: 3}
      propertyPath: m_MeshFormatVersion
      value: 2
      objectReference: {fileID: 0}
    - target: {fileID: 8617457693166399610, guid: 6d821b4635f3497478f71ea39233379d,
        type: 3}
      propertyPath: m_Mesh
      value: 
      objectReference: {fileID: 0}
    - target: {fileID: 8617457693166399612, guid: 6d821b4635f3497478f71ea39233379d,
        type: 3}
      propertyPath: m_MeshFormatVersion
      value: 2
      objectReference: {fileID: 0}
    - target: {fileID: 8617457693465486268, guid: 6d821b4635f3497478f71ea39233379d,
        type: 3}
      propertyPath: m_Mesh
      value: 
      objectReference: {fileID: 0}
    - target: {fileID: 8617457693465486270, guid: 6d821b4635f3497478f71ea39233379d,
        type: 3}
      propertyPath: m_MeshFormatVersion
      value: 2
      objectReference: {fileID: 0}
    m_RemovedComponents: []
  m_SourcePrefab: {fileID: 100100000, guid: 6d821b4635f3497478f71ea39233379d, type: 3}
--- !u!4 &1710757431722454034 stripped
Transform:
  m_CorrespondingSourceObject: {fileID: 6038340288775165535, guid: 6d821b4635f3497478f71ea39233379d,
    type: 3}
  m_PrefabInstance: {fileID: 4931910336110574157}
  m_PrefabAsset: {fileID: 0}
--- !u!114 &5489821938483031577 stripped
MonoBehaviour:
  m_CorrespondingSourceObject: {fileID: 603035564024779860, guid: 6d821b4635f3497478f71ea39233379d,
    type: 3}
  m_PrefabInstance: {fileID: 4931910336110574157}
  m_PrefabAsset: {fileID: 0}
  m_GameObject: {fileID: 0}
  m_Enabled: 1
  m_EditorHideFlags: 0
  m_Script: {fileID: 11500000, guid: dcd21164598740f418503a0593b11560, type: 3}
  m_Name: 
  m_EditorClassIdentifier: 
--- !u!1001 &5386727319480641768
PrefabInstance:
  m_ObjectHideFlags: 0
  serializedVersion: 2
  m_Modification:
    m_TransformParent: {fileID: 1710757431722454034}
    m_Modifications:
    - target: {fileID: 5361399365129268336, guid: 4d38121d2b97f044e8518f39ecff1c26,
        type: 3}
      propertyPath: coordinateSystem
      value: 
      objectReference: {fileID: 5489821938483031577}
    - target: {fileID: 5386727317446842465, guid: 4d38121d2b97f044e8518f39ecff1c26,
        type: 3}
      propertyPath: m_Name
      value: TargetForDragAndDrop
      objectReference: {fileID: 0}
    - target: {fileID: 5386727317446842491, guid: 4d38121d2b97f044e8518f39ecff1c26,
        type: 3}
      propertyPath: m_Pivot.x
      value: 0.5
      objectReference: {fileID: 0}
    - target: {fileID: 5386727317446842491, guid: 4d38121d2b97f044e8518f39ecff1c26,
        type: 3}
      propertyPath: m_Pivot.y
      value: 0.5
      objectReference: {fileID: 0}
    - target: {fileID: 5386727317446842491, guid: 4d38121d2b97f044e8518f39ecff1c26,
        type: 3}
      propertyPath: m_RootOrder
      value: 7
      objectReference: {fileID: 0}
    - target: {fileID: 5386727317446842491, guid: 4d38121d2b97f044e8518f39ecff1c26,
        type: 3}
      propertyPath: m_AnchorMax.x
      value: 0.5
      objectReference: {fileID: 0}
    - target: {fileID: 5386727317446842491, guid: 4d38121d2b97f044e8518f39ecff1c26,
        type: 3}
      propertyPath: m_AnchorMax.y
      value: 0.5
      objectReference: {fileID: 0}
    - target: {fileID: 5386727317446842491, guid: 4d38121d2b97f044e8518f39ecff1c26,
        type: 3}
      propertyPath: m_AnchorMin.x
      value: 0.5
      objectReference: {fileID: 0}
    - target: {fileID: 5386727317446842491, guid: 4d38121d2b97f044e8518f39ecff1c26,
        type: 3}
      propertyPath: m_AnchorMin.y
      value: 0.5
      objectReference: {fileID: 0}
    - target: {fileID: 5386727317446842491, guid: 4d38121d2b97f044e8518f39ecff1c26,
        type: 3}
      propertyPath: m_SizeDelta.x
      value: 1.2734334
      objectReference: {fileID: 0}
    - target: {fileID: 5386727317446842491, guid: 4d38121d2b97f044e8518f39ecff1c26,
        type: 3}
      propertyPath: m_SizeDelta.y
      value: 1.2740449
      objectReference: {fileID: 0}
    - target: {fileID: 5386727317446842491, guid: 4d38121d2b97f044e8518f39ecff1c26,
        type: 3}
      propertyPath: m_LocalPosition.x
      value: 0
      objectReference: {fileID: 0}
    - target: {fileID: 5386727317446842491, guid: 4d38121d2b97f044e8518f39ecff1c26,
        type: 3}
      propertyPath: m_LocalPosition.y
      value: 0
      objectReference: {fileID: 0}
    - target: {fileID: 5386727317446842491, guid: 4d38121d2b97f044e8518f39ecff1c26,
        type: 3}
      propertyPath: m_LocalPosition.z
      value: -0.15999795
      objectReference: {fileID: 0}
    - target: {fileID: 5386727317446842491, guid: 4d38121d2b97f044e8518f39ecff1c26,
        type: 3}
      propertyPath: m_LocalRotation.w
      value: 1
      objectReference: {fileID: 0}
    - target: {fileID: 5386727317446842491, guid: 4d38121d2b97f044e8518f39ecff1c26,
        type: 3}
      propertyPath: m_LocalRotation.x
      value: -0
      objectReference: {fileID: 0}
    - target: {fileID: 5386727317446842491, guid: 4d38121d2b97f044e8518f39ecff1c26,
        type: 3}
      propertyPath: m_LocalRotation.y
      value: -0
      objectReference: {fileID: 0}
    - target: {fileID: 5386727317446842491, guid: 4d38121d2b97f044e8518f39ecff1c26,
        type: 3}
      propertyPath: m_LocalRotation.z
      value: -0
      objectReference: {fileID: 0}
    - target: {fileID: 5386727317446842491, guid: 4d38121d2b97f044e8518f39ecff1c26,
        type: 3}
      propertyPath: m_AnchoredPosition.x
      value: 0.07
      objectReference: {fileID: 0}
    - target: {fileID: 5386727317446842491, guid: 4d38121d2b97f044e8518f39ecff1c26,
        type: 3}
      propertyPath: m_AnchoredPosition.y
      value: 0.137
      objectReference: {fileID: 0}
    - target: {fileID: 5386727317446842491, guid: 4d38121d2b97f044e8518f39ecff1c26,
        type: 3}
      propertyPath: m_LocalEulerAnglesHint.x
      value: 0
      objectReference: {fileID: 0}
    - target: {fileID: 5386727317446842491, guid: 4d38121d2b97f044e8518f39ecff1c26,
        type: 3}
      propertyPath: m_LocalEulerAnglesHint.y
      value: 0
      objectReference: {fileID: 0}
    - target: {fileID: 5386727317446842491, guid: 4d38121d2b97f044e8518f39ecff1c26,
        type: 3}
      propertyPath: m_LocalEulerAnglesHint.z
      value: 0
      objectReference: {fileID: 0}
    m_RemovedComponents:
    - {fileID: 0}
  m_SourcePrefab: {fileID: 100100000, guid: 4d38121d2b97f044e8518f39ecff1c26, type: 3}
--- !u!114 &2043080843 stripped
MonoBehaviour:
  m_CorrespondingSourceObject: {fileID: 5386727317446842467, guid: 4d38121d2b97f044e8518f39ecff1c26,
    type: 3}
  m_PrefabInstance: {fileID: 5386727319480641768}
  m_PrefabAsset: {fileID: 0}
  m_GameObject: {fileID: 0}
  m_Enabled: 1
  m_EditorHideFlags: 0
  m_Script: {fileID: 11500000, guid: 7e91a7db0144b7d4cbe1d2f87358adfc, type: 3}
  m_Name: 
  m_EditorClassIdentifier: 
